 Dungeon Sprint DCSS version 0.17-a0-2122-g03d97ec (webtiles) character file.

12105 Kidiri the Unseen (level 11, -18/47 HPs)
             Began as a Spriggan Enchanter on Oct 21, 2015.
             Was the Champion of Dithmenos.
             Demolished by an alligator snapping turtle (34 damage)
             ... in the Dungeon (Sprint III: "The Ten Rune Challenge").
             The game lasted 00:13:46 (2856 turns).

Kidiri the Unseen (Spriggan Enchanter)              Turns: 2856, Time: 00:13:47

Health: -18/47     AC:  3    Str:  4    XL:     11   Next: 58%
Magic:  19/28      EV: 32    Int: 18    God:    Dithmenos [******]
Gold:   25         SH:  0    Dex: 19    Spells: 9 memorised, 14 levels left

rFire  . . .     SeeInvis +     a - +1 dagger
rCold  . . .     Clarity  .     b - +1 robe
rNeg   . . .     SustAt   .     (shield restricted)
rPois  .         Gourm    .     (helmet restricted)
rElec  .         Spirit   .     (no cloak)
rCorr  .         Warding  .     (gloves unavailable)
rMut   .         NoTele   +     (boots unavailable)
MR     +....                    (no amulet)
Stlth  ++++++++++               (no ring)
                                (no ring)

@: wreathed by umbra, repel missiles, very quick, somewhat resistant to hostile
enchantments, uncannily stealthy
A: unfitting armour, see invisible, herbivore 3, speed 3, slow metabolism 2
a: Shadow Step, Shadow Form, Renounce Religion


You were in the Dungeon.
You worshipped Dithmenos.
Dithmenos was exalted by your worship.
You were full.

You visited 1 branch You collected 25 gold pieces.

Inventory:

Hand Weapons
 a - a +1 dagger (weapon)
Armour
 b - a +1 robe (worn)
Wands
 c - a wand of magic darts (21)
 k - a wand of teleportation (7)
Scrolls
 j - a scroll of blinking
 l - a scroll of holy word {unknown}
 m - a scroll of identify {unknown}
 n - a scroll of remove curse {unknown}
 r - a scroll of torment {unknown}
 s - a scroll of recharging {unknown}
 t - a scroll of fear {unknown}
Potions
 e - a potion of curing
 f - 2 potions of heal wounds
 g - 3 potions of haste
 h - 2 potions of magic
 i - a potion of berserk rage
 p - a potion of cure mutation
 q - a potion of flight {unknown}
Comestibles
 o - 9 fruits
 u - 25 royal jellies


   Skills:
 * Level 11.7 Short Blades
 + Level 5.8 Armour
 * Level 14.9 Dodging
 * Level 16.2 Stealth
 * Level 12.8 Spellcasting
 + Level 5.3 Conjurations
 + Level 10.1 Hexes
 + Level 8.9 Charms
 + Level 8.0 Transmutations
 + Level 6.0 Ice Magic
 + Level 5.6 Air Magic
 + Level 5.2 Earth Magic
 + Level 6.0 Poison Magic
 - Level 2.2 Invocations


You had 14 spell levels left.
You knew the following spells:

 Your Spells              Type           Power        Failure   Level  Hunger
a - Corona                Hex            #####..      1%          1    None
b - Ensorcelled Hibernat  Hex/Ice        #####.       1%          2    None
c - Confuse               Hex            #####...     1%          3    None
d - Tukima's Dance        Hex            #####...     1%          3    None
e - Dazzling Spray        Conj/Hex       #####...     1%          3    None
f - Stoneskin             Trmt/Erth      #####...     1%          2    None
g - Slow                  Hex            #####...     1%          2    None
h - Repel Missiles        Chrm/Air       #####.       1%          2    None
i - Mephitic Cloud        Conj/Pois/Air  ####....     1%          3    None


Dungeon Overview and Level Annotations

Branches:
Dungeon (1/1)

Altars:
Cheibriados
Dithmenos
Elyvilon
Fedhas
Gozag
Kikubaaqudgha
Makhleb
Nemelex Xobeh
Okawaru
Qazlal
Ru
Sif Muna
Trog
Vehumet
Xom
Yredelemnul
Zin
The Shining One
Jiyva
Lugonu

Shops:
D %[}


Innate Abilities, Weirdness & Mutations

You are tiny and cannot use many weapons and most armour.
You have supernaturally acute eyesight.
You are a herbivore.
You cover ground extremely quickly.
You need consume almost no food.


Message History

The snapping turtle appears confused.
The snapping turtle is engulfed in noxious fumes.
The snapping turtle bites you from afar!!
You emit a cloud of dark smoke.
The snapping turtle completely misses you.
The snapping turtle is engulfed in noxious fumes.
The snapping turtle appears confused.
Casting: Mephitic Cloud
Confirm with . or Enter, or press ? or * to list all spells.
Aiming: Ensorcelled Hibernation
Press: ? - help, Shift-Dir - straight line, f - snapping turtle, p - snapping turtle
Aim: a snapping turtle (black smoke, umbra, chance to defeat MR: 50%)
The snapping turtle resists with some effort.
Your shadow mimicks your spell!
The snapping turtle easily resists.
The snapping turtle is engulfed in noxious fumes.
The snapping turtle closely misses you.
The alligator snapping turtle bites you!!
Ouch! That really hurt!
You die...

▓≈≈≈≈≈≈≈≈≈≈≈≈▓
▓≈≈≈≈≈≈≈≈≈≈≈≈▓
▓≈≈≈≈≈≈≈≈≈≈≈≈▓
▓≈≈≈≈≈≈≈≈≈≈≈≈▓
▓≈≈≈≈≈≈≈≈≈≈≈≈▓
▓≈≈≈≈≈≈≈≈≈≈≈≈▓
▓≈≈≈§§§§t§≈≈≈▓
▓≈≈§§t§§t§≈≈≈▓
▓≈≈..t@t§§.≈≈▓
▓▓▓▓▓▓▓▓▓▓▓▓▓▓


You could see an alligator snapping turtle and 4 snapping turtles.

Vanquished Creatures
  A kraken (D)
  Maud (D)
  A hydra (D)
  Erica (D)
  A centaur warrior (D)
  A death drake (D)
  An unseen horror (D)
  A spriggan druid (D)
  A lindwurm (D)
  2 spiny frogs (D)
  A komodo dragon (D)
  A deep elf priest (D)
  3 wandering mushrooms (D)
  A snapping turtle (D)
  3 redbacks (D)
  A shadow (D)
  2 spriggans (D)
  A spatial vortex (D)
  A necrophage (D)
  2 centaurs (D)
  An earth elemental (D)
  2 brain worms (D)
  A water elemental (D)
  28 killer bees (D)
  An electric eel (D)
  A jelly (D)
  A wizard (D)
  A wolf (D)
  A necromancer (D)
  3 humans (D)
  A kobold demonologist (D)
  2 oozes (D)
  2 rats (D)
72 creatures vanquished.

Vanquished Creatures (collateral kills)
  A queen bee (D)
  A killer bee (D)
2 creatures vanquished.

Vanquished Creatures (others)
  2 draconian scorchers (D)
  A hydra (D)
  2 yaktaurs (D)
  3 killer bees (D)
  A plant (D)
  8 tentacles (D)
  34 tentacle segments (D)
51 creatures vanquished.

Grand Total: 125 creatures vanquished

Notes
Turn   | Place    | Note
--------------------------------------------------------------
     0 | D        | Kidiri the Spriggan Enchanter began the quest for the Orb.
     0 | D        | Reached XP level 1. HP: 9/9 MP: 5/5
    19 | D        | Reached skill level 5 in Stealth
    19 | D        | Reached XP level 2. HP: 1/13 MP: 5/7
    30 | D        | Learned a level 2 spell: Ensorcelled Hibernation
   174 | D        | Killed a white draconian scorcher
   184 | D        | Killed a white draconian scorcher
   320 | D        | Killed a yaktaur
   336 | D        | Noticed a wolf
   626 | D        | Killed a wolf
   626 | D        | Reached skill level 1 in Armour
   626 | D        | Reached skill level 6 in Stealth
   626 | D        | Reached XP level 3. HP: 16/16 MP: 4/9
   631 | D        | Learned a level 3 spell: Confuse
   635 | D        | Learned a level 3 spell: Dazzling Spray
   699 | D        | Reached skill level 1 in Ice Magic
   769 | D        | Gained mutation: You occasionally shout uncontrollably at your foes. [potion of mutation]
   769 | D        | Gained mutation: You have large cloven feet. [potion of mutation]
   769 | D        | Gained mutation: You are dopey. (Int -2) [potion of mutation]
   770 | D        | Lost mutation: You occasionally shout uncontrollably at your foes. [potion of cure mutation]
   770 | D        | Lost mutation: You have large cloven feet. [potion of cure mutation]
   771 | D        | Lost mutation: You are dopey. (Int -2) [potion of cure mutation]
   772 | D        | Gained mutation: Your body sometimes deteriorates upon taking damage. [potion of mutation]
   772 | D        | Gained mutation: You have a pair of small horns on your head. [potion of mutation]
   772 | D        | Gained mutation: Potions and wands are less effective at restoring your health. [potion of mutation]
   773 | D        | Lost mutation: You have a pair of small horns on your head. [potion of cure mutation]
   773 | D        | Lost mutation: Potions and wands are less effective at restoring your health. [potion of cure mutation]
   773 | D        | Lost mutation: Your body sometimes deteriorates upon taking damage. [potion of cure mutation]
   788 | D        | Noticed a water elemental
   791 | D        | Killed a water elemental
   791 | D        | Reached skill level 5 in Dodging
   791 | D        | Reached skill level 7 in Stealth
   791 | D        | Reached skill level 5 in Spellcasting
   791 | D        | Reached skill level 1 in Conjurations
   791 | D        | Reached XP level 4. HP: 21/21 MP: 10/12
   796 | D        | Learned a level 3 spell: Tukima's Dance
   809 | D        | Noticed a jelly
   810 | D        | Noticed a shadow
   812 | D        | Killed a shadow
   812 | D        | Reached skill level 5 in Short Blades
   812 | D        | Reached skill level 9 in Stealth
   812 | D        | Reached skill level 5 in Hexes
   812 | D        | Reached XP level 5. HP: 24/24 MP: 13/15
   816 | D        | Killed a jelly
   816 | D        | Reached XP level 6. HP: 28/28 MP: 11/16
   849 | D        | Found a stormy altar of Qazlal.
   850 | D        | Found a sacrificial altar of Ru.
   850 | D        | Found a burning altar of Makhleb.
   850 | D        | Found a viscous altar of Jiyva.
   850 | D        | Found a shimmering altar of Xom.
   850 | D        | Found a shadowy altar of Dithmenos.
   850 | D        | Found a sparkling altar of Nemelex Xobeh.
   850 | D        | Found a corrupted altar of Lugonu.
   850 | D        | Found an opulent altar of Gozag.
   850 | D        | Noticed a spatial vortex
   855 | D        | Became a worshipper of Dithmenos the Shadowed
   856 | D        | Killed a spatial vortex
   856 | D        | Reached skill level 10 in Stealth
   856 | D        | Reached skill level 1 in Invocations
   881 | D        | Found a radiant altar of Vehumet.
   882 | D        | Found a deep blue altar of Sif Muna.
   882 | D        | Found an ancient bone altar of Kikubaaqudgha.
   882 | D        | Noticed a wizard
   883 | D        | Killed a wizard
   905 | D        | Learned a level 2 spell: Stoneskin
   908 | D        | Learned a level 2 spell: Slow
   911 | D        | Learned a level 2 spell: Repel Missiles
   953 | D        | Found a glowing silver altar of Zin.
   954 | D        | Found a glowing golden altar of the Shining One.
   954 | D        | Found a white marble altar of Elyvilon.
   954 | D        | Noticed a deep elf priest
   956 | D        | Killed a deep elf priest
   956 | D        | Reached * piety under Dithmenos
   956 | D        | Reached skill level 1 in Charms
   956 | D        | Reached skill level 1 in Transmutations
   956 | D        | Reached skill level 1 in Air Magic
   956 | D        | Reached skill level 1 in Earth Magic
   956 | D        | Reached XP level 7. HP: 32/32 MP: 17/19
   972 | D        | Learned a level 3 spell: Mephitic Cloud
  1045 | D        | Found an iron altar of Okawaru.
  1046 | D        | Found a bloodstained altar of Trog.
  1046 | D        | Noticed a human
  1046 | D        | Noticed a human
  1060 | D        | Killed a human
  1060 | D        | Reached skill level 11 in Stealth
  1079 | D        | Killed a human
  1079 | D        | Reached skill level 10 in Dodging
  1079 | D        | Reached skill level 1 in Poison Magic
  1246 | D        | Found a snail-covered altar of Cheibriados.
  1246 | D        | Noticed a necrophage
  1247 | D        | Found a basalt altar of Yredelemnul.
  1247 | D        | Found a blossoming altar of Fedhas.
  1247 | D        | Noticed a necromancer
  1248 | D        | Killed a necromancer
  1248 | D        | Reached ** piety under Dithmenos
  1249 | D        | Killed a necrophage
  1249 | D        | Reached XP level 8. HP: 36/36 MP: 21/21
  1269 | D        | Killed a yaktaur
  1272 | D        | Noticed Erica
  1275 | D        | Killed Erica
  1275 | D        | Reached skill level 12 in Stealth
  1282 | D        | Noticed an earth elemental
  1285 | D        | Killed an earth elemental
  1290 | D        | Noticed a centaur
  1290 | D        | Noticed a centaur warrior
  1290 | D        | Noticed a centaur
  1301 | D        | Killed a centaur
  1308 | D        | Killed a centaur
  1308 | D        | Reached *** piety under Dithmenos
  1310 | D        | Killed a centaur warrior
  1310 | D        | Reached skill level 10 in Spellcasting
  1310 | D        | Reached skill level 5 in Charms
  1310 | D        | Reached XP level 9. HP: 18/39 MP: 5/24
  1484 | D        | Noticed an unseen horror
  1486 | D        | Killed an unseen horror
  1486 | D        | Reached skill level 13 in Stealth
  1486 | D        | Reached skill level 5 in Transmutations
  1497 | D        | Noticed a killer bee
  1497 | D        | Noticed a killer bee
  1497 | D        | Noticed a killer bee
  1497 | D        | Noticed a killer bee
  1497 | D        | Noticed a killer bee
  1497 | D        | Noticed a killer bee
  1497 | D        | Noticed a killer bee
  1497 | D        | Noticed a killer bee
  1497 | D        | Noticed a killer bee
  1497 | D        | Noticed a killer bee
  1497 | D        | Noticed a killer bee
  1497 | D        | Noticed a killer bee
  1497 | D        | Noticed a killer bee
  1497 | D        | Noticed a killer bee
  1497 | D        | Noticed a killer bee
  1498 | D        | Noticed a killer bee
  1498 | D        | Noticed a killer bee
  1498 | D        | Noticed a queen bee
  1498 | D        | Noticed a killer bee
  1498 | D        | Noticed a killer bee
  1498 | D        | Noticed a killer bee
  1498 | D        | Noticed a killer bee
  1498 | D        | Noticed a killer bee
  1498 | D        | Noticed a killer bee
  1498 | D        | Noticed a killer bee
  1498 | D        | Noticed a killer bee
  1498 | D        | Noticed a killer bee
  1498 | D        | Noticed a killer bee
  1498 | D        | Noticed a killer bee
  1498 | D        | Noticed a killer bee
  1498 | D        | Noticed a killer bee
  1498 | D        | Noticed a killer bee
  1498 | D        | Noticed a killer bee
  1508 | D        | Killed a killer bee
  1509 | D        | Killed a killer bee
  1509 | D        | Reached **** piety under Dithmenos
  1514 | D        | Killed a killer bee
  1516 | D        | Killed a killer bee
  1521 | D        | Killed a killer bee
  1523 | D        | Killed a killer bee
  1525 | D        | Killed a killer bee
  1538 | D        | Killed a killer bee
  1538 | D        | Reached ***** piety under Dithmenos
  1726 | D        | Killed a killer bee
  1728 | D        | Killed a killer bee
  1729 | D        | Killed a killer bee
  1730 | D        | Killed a killer bee
  1731 | D        | Killed a killer bee
  1732 | D        | Killed a killer bee
  1732 | D        | Killed a killer bee
  1733 | D        | Killed a killer bee
  1734 | D        | Killed a killer bee
  1736 | D        | Killed a killer bee
  1736 | D        | Killed a killer bee
  1742 | D        | Killed a killer bee
  1744 | D        | Killed a killer bee
  1746 | D        | Killed a killer bee
  1747 | D        | Killed a killer bee
  1747 | D        | Reached XP level 10. HP: 36/44 MP: 2/25
  1748 | D        | Killed a queen bee
  1764 | D        | Killed a killer bee
  1767 | D        | Killed a killer bee
  1767 | D        | Reached ****** piety under Dithmenos
  2016 | D        | Killed a killer bee
  2054 | D        | Killed a killer bee
  2055 | D        | Killed a killer bee
  2055 | D        | Killed a killer bee
  2057 | D        | Killed a killer bee
  2058 | D        | Killed a killer bee
  2059 | D        | Killed a killer bee
  2185 | D        | Noticed a wandering mushroom
  2186 | D        | Noticed a wandering mushroom
  2186 | D        | Noticed a wandering mushroom
  2187 | D        | Killed a wandering mushroom
  2187 | D        | Reached skill level 10 in Short Blades
  2187 | D        | Reached skill level 14 in Stealth
  2191 | D        | Killed a wandering mushroom
  2191 | D        | Reached skill level 5 in Ice Magic
  2193 | D        | Killed a wandering mushroom
  2265 | D        | Noticed a spiny frog
  2265 | D        | Noticed a komodo dragon
  2265 | D        | Noticed a spiny frog
  2268 | D        | Killed a spiny frog
  2270 | D        | Killed a spiny frog
  2275 | D        | Killed a komodo dragon
  2275 | D        | Reached skill level 5 in Armour
  2319 | D        | Noticed a redback
  2321 | D        | Killed a redback
  2322 | D        | Noticed a brain worm
  2325 | D        | Killed a brain worm
  2336 | D        | Noticed a brain worm
  2338 | D        | Killed a brain worm
  2344 | D        | Noticed a lindwurm
  2346 | D        | Noticed a redback
  2347 | D        | Killed a lindwurm
  2349 | D        | Killed a redback
  2349 | D        | Reached skill level 5 in Poison Magic
  2353 | D        | Noticed a redback
  2354 | D        | Killed a redback
  2355 | D        | Noticed Maud
  2357 | D        | Killed Maud
  2357 | D        | Reached skill level 15 in Stealth
  2357 | D        | Reached skill level 5 in Air Magic
  2357 | D        | Reached XP level 11. HP: 47/47 MP: 26/28
  2370 | D        | Noticed an electric eel
  2372 | D        | Noticed a six-headed hydra
  2372 | D        | Noticed a four-headed hydra
  2575 | D        | Killed a six-headed hydra
  2583 | D        | Killed a four-headed hydra
  2608 | D        | Killed an electric eel
  2619 | D        | Noticed a death drake
  2622 | D        | Killed a death drake
  2622 | D        | Reached skill level 5 in Conjurations
  2656 | D        | Found a blossoming altar of Fedhas.
  2656 | D        | Noticed a spriggan
  2656 | D        | Noticed a spriggan druid
  2656 | D        | Noticed a spriggan
  2658 | D        | Killed a spriggan druid
  2658 | D        | Reached skill level 5 in Earth Magic
  2659 | D        | Killed a spriggan
  2660 | D        | Killed a spriggan
  2688 | D        | Noticed a kraken
  2689 | D        | Noticed a snapping turtle
  2691 | D        | Killed a snapping turtle
  2751 | D        | Killed a kraken
  2751 | D        | Reached skill level 16 in Stealth
  2751 | D        | Reached skill level 10 in Hexes
  2851 | D        | Noticed a snapping turtle
  2852 | D        | Noticed a snapping turtle
  2852 | D        | Noticed a snapping turtle
  2853 | D        | Noticed an alligator snapping turtle
  2853 | D        | Noticed a snapping turtle
  2853 | D        | Found Inkoset's Gadget Boutique.
  2853 | D        | Found Xagiaweo's Antique Armour Shop.
  2853 | D        | Found Tokotwe's Food Emporium.
  2856 | D        | Demolished by an alligator snapping turtle

Vault maps used:
D:        dungeon_sprint_mu

Action                   |  1- 3 |  4- 6 |  7- 9 | 10-12 || total
-------------------------+-------+-------+-------+-------++-------
Melee: Dagger            |    16 |    12 |    71 |    59 ||   158
 Cast: Corona            |     2 |       |       |       ||     2
       Ensorcelled Hiber |     8 |     4 |    19 |    18 ||    49
       Confuse           |     1 |     1 |     1 |     2 ||     5
       Dazzling Spray    |       |       |    11 |    13 ||    24
       Mephitic Cloud    |       |       |     3 |     1 ||     4
       Stoneskin         |       |       |     3 |     4 ||     7
       Repel Missiles    |       |       |     1 |       ||     1
Invok: Shadow Step       |       |       |       |     6 ||     6
  Use: Potion            |     5 |       |     1 |       ||     6
 Stab: Sleeping          |     6 |     5 |    13 |    21 ||    45
       Confused          |     1 |     1 |       |       ||     2
       Invisible         |       |       |     6 |     2 ||     8
  Eat: Bread ration      |       |       |       |     1 ||     1
